 Dungeon Crawl Stone Soup version 0.31-a0-8-gd14b0f4ee2 (webtiles) character file.

Game seed: 7321314342988779482

189 pokeman the Magician (level 5, -8/29 HPs)
             Began as a Deep Elf Hedge Wizard on May 6, 2023.
             Mangled by a sleepcap (21 damage)
             ... on level 3 of the Dungeon on May 7, 2023.
             The game lasted 00:07:15 (2710 turns).

pokeman the Magician (Deep Elf Hedge Wizard)        Turns: 2710, Time: 00:07:15

Health: -8/29      AC:  4    Str:  7    XL:     5   Next: 40%
Magic:  14/15      EV:  2    Int: 21    God:
Gold:   106        SH:  0    Dex: 14    Spells: 8/16 levels left

rFire   . . .        a - +0 dagger
rCold   . . .        (no shield)
rNeg    . . .        b - +0 robe
rPois   .            m - +0 helmet
rElec   .            f - +0 cloak
rCorr   .            (no gloves)
SInv    .            (no boots)
Will    .....        l - amulet of regeneration
Stlth   ++           (no ring)
HPRegen 1.04/turn    (no ring)
MPRegen 0.14/turn

%: no passive effects
@: sleeping
A: no striking features
a: no special abilities


You were on level 3 of the Dungeon.
You visited 1 branch of the dungeon, and saw 3 of its levels.

You collected 106 gold pieces.

Inventory:

Hand Weapons
 a - a +0 dagger (weapon)
Armour
 b - a +0 robe (worn)
 f - a +0 cloak (worn)
 m - a +0 helmet (worn)
 s - the +3 Mad Mage's Maulers {Infuse+∞ VampMP -Cast}
   (You found it on level 3 of the Dungeon)

   Infuse+∞: It empowers its wearer's blows with all of their magic.
   VampMP:    Blows struck in melee replenish the wearer's magic.
   -Cast:     It prevents spellcasting.
Magical Staves
 n - a staff of air
Jewellery
 l - an amulet of regeneration (around neck)
 o - an amulet of guardian spirit
Scrolls
 c - a scroll of acquirement {unknown}
 e - 3 scrolls of teleportation {unknown}
 g - 4 scrolls of fog {unknown}
 h - 3 scrolls of identify {unknown}
 j - a scroll of vulnerability {unknown}
 k - a scroll of torment {unknown}
 p - a scroll of magic mapping {unknown}
Potions
 d - a potion of magic
 i - a potion of heal wounds {unknown}
 q - 2 potions of degeneration {unknown}
 r - a potion of attraction {unknown}


   Skills:
 - Level 1.0 Fighting
 - Level 1.0 Armour
 - Level 3.0 Dodging
 - Level 3.0 Stealth
 * Level 6.2 Spellcasting
 + Level 2.7 Conjurations
 - Level 1.1 Summonings
 - Level 1.1 Translocations
 + Level 0.4 Air Magic
 + Level 0.3 Poison Magic
 + Level 0.7 Evocations


You had 8 spell levels left.
You knew the following spells:

 Your Spells              Type           Power      Damage    Failure   Level
a - Magic Dart            Conj           72%        1d6       3%          1
b - Mephitic Cloud        Conj/Pois/Air  11%        N/A       19%         3
c - Call Imp              Summ           22%        N/A       10%         2
d - Blink                 Tloc           22%        N/A       10%         2

Your spell library contained the following spells:

 Spells                   Type           Power      Damage    Failure   Level
 Kiss of Death            Conj/Necr      48%        2d9       5%          1
 Slow                     Hex            24%        N/A       10%         1
 Poisonous Vapours        Pois/Air       16%        N/A       12%         2
 Cigotuvi's Dreadful Rot  Necr/Pois/Air  14%        N/A       13%         2
 Freezing Cloud           Conj/Ice/Air   5%         6-21      86%         5


Dungeon Overview and Level Annotations

Branches:
Dungeon (3/15)

Altars:
Sif Muna

Shops:
D:1 (


Message History

The kobold hits your cerulean imp with a +0 whip.
Your cerulean imp hits the sleepcap but does no damage.
Unknown command.
You hit the hobgoblin but do no damage.
The hobgoblin is severely wounded.
The hobgoblin closely misses you. The kobold misses your cerulean imp.
Your cerulean imp hits the sleepcap but does no damage.
Unknown command.
You hit the hobgoblin.
You kill the hobgoblin!
Your cerulean imp hits the sleepcap with a -3 spear.
The kobold closely misses your cerulean imp.
Unknown command.
You hit the sleepcap but do no damage.
The sleepcap is lightly damaged.
Your cerulean imp hits the sleepcap but does no damage.
The sleepcap closely misses you. The kobold misses your cerulean imp.
Unknown command.
You hit the sleepcap but do no damage.
The sleepcap is lightly damaged.
The sleepcap releases spores at you!
Your cerulean imp hits the sleepcap with a -3 spear.
The kobold hits your cerulean imp with a +0 whip.
Unknown command.
You hit the sleepcap but do no damage.
The sleepcap is moderately damaged.
The sleepcap releases spores at you!
Your cerulean imp hits the sleepcap with a -3 spear.
The kobold barely misses your cerulean imp.
Unknown command.
You hit the sleepcap but do no damage.
The sleepcap is moderately damaged.
The sleepcap releases spores at you.
You are engulfed in a cloud of soporific spores!
You fall asleep.
Your cerulean imp hits the sleepcap with a -3 spear.
The kobold closely misses your cerulean imp.
The sleepcap releases spores at you!!
Ouch! That really hurt!
You die...

#.? #.# .# #### #.##.#
##...##.##.#
##..#....##.#
#..###...##.#
##.##)##..##.#
....#.f@...#.#
.#.##5##.#...#####.# #
.####..K####........#
##.
#.##(.......!##.#######
##.## #..####..[####..#
##..#
#...#.##.##.#...####
##..#
#......#g#....#.......
##..#
#..##†##K##....[.####.
.#..# .....###.......#


You could see a sleepcap (ally target), a gnoll, 2 kobolds and a friendly
cerulean imp (summoned).

Vanquished Creatures
  2 orc wizards (D:3)
  Robin (D:2)
  4 gnolls (D:2)
  2 dart slugs
  7 bats
  4 endoplasms
  11 goblins
  11 hobgoblins
  3 jackals (D:3)
  2 quokkas
  3 ball pythons
  5 frilled lizards
  4 kobolds
  4 rats
63 creatures vanquished.

Vanquished Creatures (collateral kills)
  Terence (D:2)
1 creature vanquished.

Grand Total: 64 creatures vanquished

Notes
Turn   | Place    | Note
-------+----------+-------------------------------------------
     0 | D:1      | pokeman the Deep Elf Hedge Wizard began the quest for the
                  | Orb.
     0 | D:1      | Reached XP level 1. HP: 10/10 MP: 7/7
   191 | D:1      | Reached XP level 2. HP: 16/16 MP: 0/9
   643 | D:1      | Reached skill level 5 in Spellcasting
   883 | D:1      | Found Aciyken's Weapon Shoppe.
   892 | D:1      | Reached XP level 3. HP: 20/20 MP: 7/11
   896 | D:1      | Learned a level 3 spell: Mephitic Cloud
   899 | D:1      | Learned a level 2 spell: Call Imp
   902 | D:1      | Learned a level 2 spell: Blink
  1405 | D:2      | Reached skill level 1 in Fighting
  1405 | D:2      | Reached skill level 1 in Armour
  1424 | D:2      | Reached XP level 4. HP: 25/25 MP: 0/13
  1671 | D:2      | Noticed Terence
  1707 | D:2      | Killed Terence
  1799 | D:2      | Noticed Robin
  2309 | D:2      | Killed Robin
  2440 | D:3      | Found the +3 Mad Mage's Maulers {Infuse+∞ VampMP -Cast}
  2446 | D:3      | Found a shimmering blue altar of Sif Muna.
  2495 | D:3      | Reached skill level 6 in Spellcasting
  2495 | D:3      | Reached XP level 5. HP: 28/29 MP: 10/15
  2532 | D:3      | Got Sif Muna's Spellbook of Damage
  2710 | D:3      | Mangled by a sleepcap

Illustrated notes

Levels and vault maps discovered:
D:1:      roderic_chinese_lattice_arrival, layout_basic, serial_shops,
          nicolae_shop_bloodbath_and_beyond, serial_bayou_pond_b
D:2:      layout_rooms, dk_noncrumbling_3, uniq_robin, uniq_terence
D:3:      layout_loops_ring, led_sif_book, minmay_fractal_squares_gapless_5

Skill      XL: |  1  2  3  4 |
---------------+-------------+-----
Spellcasting   | 5 6 |  6.2
Conjurations   | 2 |  2.7
Fighting       | 1 |  1.0
Armour         | 1 |  1.0
Stealth        | 3 |  3.0
Dodging        | 3 |  3.0
Summonings     | |  1.1
Translocations | |  1.1
Air Magic      | |  0.4
Poison Magic   | |  0.3
Evocations     | |  0.7

Action                     |  1- 3 |  4- 6 || total
---------------------------+-------+-------++-------
  Melee: Dagger            |    18 |    24 ||    42
         Punch             |     1 |       ||     1
   Cast: Magic Dart        |    78 |    46 ||   124
         Mephitic Cloud    |     2 |     3 ||     5
         Call Imp          |       |     2 ||     2
         Blink             |       |     2 ||     2
   Stab: Confused          |     1 |     2 ||     3
 Armour: Robe              |     3 |     7 ||    10
  Dodge: Dodged            |    16 |    13 ||    29

Table legend: (Time is in decaauts)
 A = Elapsed time spent in this place.
 B = Non-inter-level travel time spent in this place.
 C = Inter-level travel time spent in this place.
 D = Time resting spent in this place.
 E = Time spent auto-exploring this place.
 F = Levels seen in this place.
 G = Mean time per level.
                   A        B        C        D        E       F      G
               +--------+--------+--------+--------+--------+-----+--------+
         Total |   2712 |   2620 |     92 |    122 |   1957 |   3 |  904.0 |
       Dungeon |   2712 |   2620 |     92 |    122 |   1957 |   3 |  904.0 |
               +--------+--------+--------+--------+--------+-----+--------+

Top non-repeatable levels by time:
     D:1: 1276 daAuts
     D:2: 1123 daAuts
     D:3: 312 daAuts
